 Dungeon Crawl Stone Soup version 0.29.0-5-ge4962eb29e (webtiles) character file.

Game seed: 7876393022954529255

1307 ImASeal the Poker (level 8, -7/62 HPs)
             Began as a Mummy Cinder Acolyte on Aug 29, 2022.
             Was a Priest of Ignis.
             Mangled by an ogre
             ... wielding a +0 giant club
              (14 damage)
             ... on level 5 of the Dungeon.
             The game lasted 00:21:10 (7603 turns).

ImASeal the Poker (Mummy Cinder Acolyte)            Turns: 7603, Time: 00:21:11

Health: -7/62      AC: 17    Str: 23    XL:     8   Next: 32%
Magic:  19/19      EV:  8    Int: 13    God:    Ignis [***...]
Gold:   223        SH:  0    Dex:  8    Spells: 9/9 levels left

rFire   + . .      SeeInvis .   a - -1 spear (flame)
rCold   + + .      Faith    .   (no shield)
rNeg    + + +      Spirit   .   p - +8 chain mail of the Great Game {Str+4}
rPois   ∞          Reflect  .   o - +0 hat
rElec   .          Harm     .   t - scarf {rC+ rF+}
rCorr   .          Rampage  .   (no gloves)
Will    +....                   (no boots)
Stlth   ..........              (no amulet)
HPRegen 0.20/turn               m - ring of magical power
MPRegen 0.16/turn               (no ring)

@: no status effects
A: cold resistance 1, negative energy resistance 3, torment resistance 2, heat
vulnerability 1, in touch with death 1, no potions
a: Renounce Religion, Fiery Armour, Foxfire Swarm, Rising Flame


You were on level 5 of the Dungeon.
You worshipped Ignis.
Ignis was most pleased with you.
You visited 2 branches of the dungeon, and saw 6 of its levels.
You also visited: Ossuary.

You collected 223 gold pieces.

Inventory:

Hand Weapons
 a - a -1 spear of flaming (weapon)
Missiles
 f - 2 throwing nets
 j - 11 poisoned darts (quivered)
 r - 4 curare-tipped darts
Armour
 h - a +0 plate armour
 l - a +0 cloak
 o - a +0 hat (worn)
 p - the +8 chain mail of the Great Game (worn) {Str+4}
   (You found it on level 4 of the Dungeon)

   Str:       It affects your strength (+4).
 t - a scarf of resistance (worn)
Jewellery
 m - a ring of magical power (left hand)
Wands
 n - a wand of charming (5)
 q - a wand of roots (12)
Scrolls
 b - 2 scrolls of enchant armour
 d - a scroll of fog
 g - 3 scrolls of teleportation
 i - 2 scrolls of magic mapping
 k - a scroll of immolation
 s - a scroll of vulnerability


   Skills:
 + Level 5.2 Fighting
 + Level 5.7 Polearms
 + Level 0.2 Throwing
 + Level 4.7 Armour
 + Level 1.7 Dodging
 + Level 1.0 Stealth
 + Level 1.3 Spellcasting
 + Level 2.7 Fire Magic


You had 9 spell levels left.
You didn't know any spells.
Your spell library contained the following spells:

 Spells                   Type           Power      Damage    Failure   Level
 Scorch                   Fire           16%        2d6       67%         2
 Foxfire                  Conj/Fire      16%        2x1d4     75%         1
 Conjure Flame            Conj/Fire      4%         6-21      98%         3
 Inner Flame              Hex/Fire       4%         N/A       98%         3
 Flame Wave               Conj/Fire      4%         2d5       100%        4


Dungeon Overview and Level Annotations

Branches:
Dungeon (5/15)             Temple (1/1) D:4         Ossuary (visited)

Altars:
Ashenzari
Cheibriados
Dithmenos
Fedhas
Hepliaklqana
Kikubaaqudgha
Makhleb
Nemelex Xobeh
Okawaru
Ru
Trog
Uskayaw
Yredelemnul


Innate Abilities, Weirdness & Mutations

You are immune to poison.
Your flesh is cold resistant. (rC+)
You are immune to negative energy. (rN+++)
You are immune to unholy pain and torment.
You are vulnerable to heat. (rF-)
You are in touch with the powers of death.
You do not drink.


Message History

You kill the hound!
You hit the ogre. You burn the ogre.
The ogre is lightly wounded.
The ogre closely misses you.
You hit the ogre. You burn the ogre.
The ogre is moderately wounded.
You closely miss the ogre.
The ogre is moderately wounded.
The ogre hits you with a +0 giant club!!
You barely miss the ogre.
The ogre is moderately wounded.
You hit the ogre. You burn the ogre.
The ogre is moderately wounded.
The ogre hits you with a +0 giant club!
You hit the ogre but do no damage.
The ogre is moderately wounded.
You hit the ogre. You burn the ogre.
The ogre is heavily wounded.
The ogre hits you with a +0 giant club!
* * * LOW HITPOINT WARNING * * *
You barely miss the ogre.
The ogre is heavily wounded.
The ogre hits you but does no damage.
You hit the ogre but do no damage.
The ogre is heavily wounded.
You barely miss the ogre.
The ogre is heavily wounded.
The ogre barely misses you.
You hit the ogre. You burn the ogre.
The ogre is severely wounded.
You barely miss the ogre.
The ogre is severely wounded.
The ogre hits you with a +0 giant club!
* * * LOW HITPOINT WARNING * * *
You barely miss the ogre.
The ogre is severely wounded.
You hit the ogre. You burn the ogre.
The ogre is severely wounded.
The ogre hits you with a +0 giant club!
You die...

. . . .# ##. ..
##.####.# ##......
#.....# #...# ##O##
#@# #.# #. ##'## #.
##...##
#.##########.....##
#........##.......#
####.................#
.....................+
####..<)#..))........#


You could see an ogre.

Vanquished Creatures
  Pikel (D:5)
  An ice beast (D:3)
  2 lemures
  An elf zombie (Ossuary)
  A necrophage (D:4)
  2 centaur zombies (Ossuary)
  2 hounds
  A jelly (D:4)
  A gnoll bouda (D:4)
  An orc priest (D:5)
  Natasha (D:4)
  An iguana (D:4)
  An orc wizard (D:4)
  2 mummies (Ossuary)
  12 gnolls
  9 adders
  2 adder zombies (Ossuary)
  A dart slug (D:2)
  13 orcs
  3 endoplasms
  2 giant cockroaches
  14 hobgoblins
  4 jackals (D:3)
  11 kobolds
  4 quokkas
  14 ball pythons
  4 bats
  6 frilled lizards
  7 goblins
  13 hobgoblin zombies (Ossuary)
  A jackal zombie (Ossuary)
  14 kobold zombies
  4 orc zombies (Ossuary)
  8 rats
  A rat zombie (Ossuary)
165 creatures vanquished.

Vanquished Creatures (others)
  33 foxfires (D:5)
33 creatures vanquished.

Grand Total: 198 creatures vanquished

Notes
Turn   | Place    | Note
-------+----------+-------------------------------------------
     0 | D:1      | ImASeal the Mummy Cinder Acolyte began the quest for the
                  | Orb.
     0 | D:1      | Reached XP level 1. HP: 18/18 MP: 2/2
   423 | D:1      | Reached XP level 2. HP: 19/24 MP: 4/4
   627 | D:1      | Found a faded altar of an unknown god.
   743 | D:1      | Gained mutation: You are in touch with the powers of death.
                  | [Mummy growth]
   743 | D:1      | Reached XP level 3. HP: 28/29 MP: 5/5
  1920 | D:2      | Reached XP level 4. HP: 29/37 MP: 6/6
  2720 | D:2      | Reached skill level 1 in Armour
  2956 | D:2      | Reached XP level 5. HP: 7/42 MP: 7/7
  2976 | D:3      | Noticed an ice beast
  3353 | D:3      | Killed an ice beast
  4075 | D:3      | Found a bloodstained altar of Trog.
  4279 | D:3      | Found an iron altar of Okawaru.
  4321 | D:4      | Identified the +8 chain mail of the Great Game {Str+4}
  4337 | D:4      | Found a sand-covered staircase.
  4344 | D:4      | Reached XP level 6. HP: 49/49 MP: 8/8
  4347 | Ossuary  | Entered an ossuary
  5053 | D:4      | Noticed Natasha
  5057 | D:4      | Killed Natasha
  5340 | D:4      | Reached XP level 7. HP: 42/55 MP: 9/9
  5450 | D:4      | Reached skill level 1 in Dodging
  5494 | D:4      | Found a burning altar of Makhleb.
  5570 | D:4      | Found a staircase to the Ecumenical Temple.
  5600 | Temple   | Entered the Ecumenical Temple
  5689 | D:4      | Found a sparkling altar of Nemelex Xobeh.
  6953 | D:4      | Reached skill level 5 in Polearms
  7182 | D:5      | Entered Level 5 of the Dungeon
  7202 | D:5      | Noticed Pikel
  7536 | D:5      | Killed Pikel
  7537 | D:5      | Reached skill level 5 in Fighting
  7537 | D:5      | Reached skill level 1 in Stealth
  7537 | D:5      | Reached XP level 8. HP: 56/62 MP: 10/10
  7603 | D:5      | Mangled by an ogre

Illustrated notes

Levels and vault maps discovered:
D:1:      giann_forest_graveyard, layout_basic,
          hellmonk_ecumenical_altar_lost_god, minmay_surrounded
D:2:      layout_basic
D:3:      layout_loops_ring, trog_hazing_becter, mainiacjoe_overflow_alcove_2
D:4:      layout_loops_corners, mainiacjoe_overflow_tiny_flanked,
          lemuel_round_altar, kennysheep_mini_moat, minmay_temple_entry_slanted,
          enter_ossuary_3, uniq_natasha
D:5:      minmay_bubble_buster, layout_loops_corners, lemuel_tele_altar,
          hangedman_abyss_or_decor_lesser_grid, uniq_sigmund, uniq_duvessa,
          uniq_pikel
Temple:   nicolae_temple_ecumenical_triangle

Skill      XL: |  1  2  3  4  5  6  7 |
---------------+----------------------+-----
Fighting       | 4 5 |  5.2
Polearms       | 3 4 5 |  5.7
Armour         | 1 2 4 |  4.7
Dodging        | 1 |  1.7
Stealth        | 1 |  1.0
Throwing       | |  0.2
Spellcasting   | |  1.3
Fire Magic     | |  2.7

Action                   |  1- 3 |  4- 6 |  7- 9 || total
-------------------------+-------+-------+-------++-------
Melee: Spear             |   173 |   417 |   250 ||   840
       Punch             |     1 |     6 |     6 ||    13
Throw: Dart              |       |     9 |       ||     9
       Throwing net      |       |     1 |       ||     1
Invok: Fiery Armour      |     2 |       |       ||     2
       Foxfire Swarm     |       |       |     2 ||     2
  Use: Scroll            |       |     5 |     3 ||     8
 Stab: Held in net/web   |       |     1 |       ||     1
Armor: Robe              |    14 |       |       ||    14
       Plate armour      |    60 |   128 |       ||   188
       Chain mail        |       |   154 |   174 ||   328
Dodge: Dodged            |    48 |   132 |    86 ||   266
